 Dungeon Crawl Stone Soup version 0.19-a0-1398-g1264885 (webtiles) character file.

2261 Arkorax the Skirmisher (level 9, -1/72 HPs)
             Began as a Centaur Fighter on Sept 4, 2016.
             Was an Initiate of Kikubaaqudgha.
             Slain by an orc warrior
             ... wielding a +0 halberd
              (9 damage)
             ... on level 7 of the Dungeon.
             The game lasted 00:08:44 (7266 turns).

Arkorax the Skirmisher (Centaur Fighter)            Turns: 7266, Time: 00:08:44

Health: -1/72      AC: 16    Str: 16      XL:     9   Next: 15%
Magic:  18/18      EV:  7    Int: 11 (12) God:    Kikubaaqudgha [......]
Gold:   270        SH:  9    Dex: 10      Spells: 0 memorised, 8 levels left

rFire  . . .     SeeInvis .     r - +1 whip (freeze)
rCold  + . .     Gourm    .     d - +6 leather armour of Modaiggan {rElec MP+9 Str-5 Int+5}
rNeg   . . .     Faith    .     c - +0 shield
rPois  .         Spirit   .     F - +2 hat
rElec  +         Dismiss  .     (no cloak)
rCorr  .         Reflect  .     (no gloves)
MR     .....     Harm     .     (no barding)
Stlth  ..........               (no amulet)
                                t - ring of protection from cold
                                p - +2 ring of protection

@: very quick
A: hooves 3, slimy green scales 1, deformed body, speed 2, frail 1, tough skin
3, subdued magic 1
a: Renounce Religion


You were on level 7 of the Dungeon.
You worshipped Kikubaaqudgha.
Kikubaaqudgha was noncommittal.
You were very hungry.

You visited 2 branches of the dungeon, and saw 8 of its levels.

You collected 270 gold pieces.

Inventory:

Hand Weapons
 k - a +2 dagger of venom
   (You took it off a kobold on level 1 of the Dungeon)
 o - a +0 dire flail of protection
   (You took it off Edmund on level 5 of the Dungeon)
 r - a +1 whip of freezing (weapon)
   (You took it off Pikel on level 4 of the Dungeon)
 D - a +0 morningstar
Armour
 b - a +0 scale mail
 c - a +0 shield (worn)
 d - the +6 leather armour of Modaiggan (worn) {rElec MP+9 Str-5 Int+5}
   (You found it on level 5 of the Dungeon)

   It affects your strength (-5).
   It affects your intelligence (+5).
   It insulates you from electricity.
   It affects your magic capacity (+9).
 h - a +1 helmet
 v - a +0 chain mail
 A - a +0 large shield
 F - a +2 hat (worn)
Jewellery
 p - a +2 ring of protection (left hand)
 t - a ring of protection from cold (right hand)
 C - an uncursed amulet of dismissal {unknown}
Wands
 a - a wand of slowing (31/48)
 u - a wand of lightning (6/15)
 x - a wand of flame (19/48)
 y - a wand of random effects (28/48)
 B - a wand of polymorph (9/24)
Scrolls
 e - 3 scrolls of identify
 g - 4 scrolls of teleportation {!r}
 n - a scroll of enchant weapon
 E - a scroll of amnesia
Potions
 l - a potion of magic {!q}
 m - a potion of brilliance {!q}
 q - a potion of flight
 w - a potion of might {!q}
Books
 z - a Young Poisoner's Handbook
Comestibles
 f - 5 bread rations {!e}
 i - 3 fruits
 j - 2 beef jerkies
 s - a meat ration {!e}


   Skills:
 + Level 7.8 Fighting
 + Level 6.7 Maces & Flails
 - Level 2.1 Armour
 + Level 5.6 Shields


You had 8 spell levels left.
You didn't know any spells.

Dungeon Overview and Level Annotations

Branches:
Dungeon (7/15)             Temple (1/1) D:6

Altars:
Ashenzari
Cheibriados
Dithmenos
Elyvilon
Fedhas
Hepliaklqana
Kikubaaqudgha
Makhleb
Nemelex Xobeh
Okawaru
Qazlal
Ru
Sif Muna
Trog
Uskayaw
Vehumet
Xom
Yredelemnul
Zin
The Shining One

Annotations:
D:4 1 exclusion


Innate Abilities, Weirdness & Mutations

You have hooves in place of feet.
Armour fits poorly on your strangely shaped body.
You cover ground very quickly.
You have extremely tough skin. (AC +3)
You are partially covered in slimy green scales. (AC +2)
You are frail. (-10% HP)
Your spells are a little easier to cast, but a little less powerful.


Message History

The orc warrior is moderately wounded.
You hit the orc warrior but do no damage.
Your kick misses the orc warrior.
The orc warrior is moderately wounded.
The orc hits you but does no damage.
The orc warrior hits you but does no damage.
You closely miss the orc warrior.
You kick the orc warrior, but do no damage.
The orc warrior is moderately wounded.
You block the orc's attack. The orc warrior barely misses you.
You closely miss the orc warrior.
The orc warrior is moderately wounded.
The orc hits you but does no damage.
You closely miss the orc warrior. Your kick misses the orc warrior.
The orc warrior is moderately wounded.
The orc warrior hits you with a halberd!!
* * * LOW HITPOINT WARNING * * *
You block the orc's attack.
You are too injured to fight recklessly!
You are too injured to fight recklessly!
You are too injured to fight recklessly!
Damage: 34 (max 34)
You are too injured to fight recklessly!
You are too injured to fight recklessly!
You are too injured to fight recklessly!
You are too injured to fight recklessly!
You are too injured to fight recklessly!
You are too injured to fight recklessly!
You are too injured to fight recklessly!
You are too injured to fight recklessly!
You are too injured to fight recklessly!
You are too injured to fight recklessly!
You are too injured to fight recklessly!
You are too injured to fight recklessly!
You are too injured to fight recklessly!
You are too injured to fight recklessly!
You are too injured to fight recklessly!
You are too injured to fight recklessly!
You are too injured to fight recklessly!
You are too injured to fight recklessly!
You are too injured to fight recklessly!
You are too injured to fight recklessly!
You are too injured to fight recklessly!
You are too injured to fight recklessly!
You are too injured to fight recklessly!
You are too injured to fight recklessly!
You are too injured to fight recklessly!
The orc warrior hits you from afar with a halberd!
You die...
Kikubaaqudgha rasps: "You have failed me!
Welcome... death!"

#...............(...#)((.
#..........#......#.#####
#..........#.....+..#
#........%.#......#.#
#.$........#......#.#
#..........##.......#
#.........###.....#.#
#.........).+.....#.#
#.......@..##
#.....o....# #.....o#+#.#
#...... ..# #...... ....
#...... ..... ##.....
..... #..... .... #.....


You could see an orc warrior and an orc.

Vanquished Creatures
  Pikel (D:4)
  The ghost of spawnfightdierepeat the Skirmisher, an amateur HOFi of Makhleb (D:4)
  A hungry ghost (D:7)
  Edmund (D:5)
  A slave (D:4)
  2 centaurs
  2 giant frogs
  A wyvern skeleton (D:7)
  3 crimson imps
  3 orc priests
  A jelly (D:4)
  5 orc wizards
  Terence (D:2)
  2 centaur skeletons
  Natasha (thrice) (D:3)
  4 worker ants
  2 worker ant zombies
  Robin (D:3)
  A howler monkey skeleton (D:5)
  9 adders
  2 shadow imps
  2 worms (D:2)
  A giant gecko (D:2)
  23 orcs
  3 giant cockroaches
  10 goblins
  8 hobgoblins
  15 jackals
  2 quokkas
  3 bats
  A giant gecko zombie (D:5)
  2 giant newts
  7 kobolds
  7 rats
131 creatures vanquished.

Vanquished Creatures (collateral kills)
  Joseph (D:7)
  A crimson imp (D:5)
2 creatures vanquished.

Vanquished Creatures (others)
  A slave (D:4)
  4 orcs (D:4)
5 creatures vanquished.

Grand Total: 138 creatures vanquished

Notes
Turn   | Place    | Note
-------+----------+-------------------------------------------
     0 | D:1      | Arkorax the Centaur Fighter began the quest for the Orb.
     0 | D:1      | Reached XP level 1. HP: 19/19 MP: 1/1
    53 | D:1      | Reached skill level 2 in Maces & Flails
   183 | D:1      | Reached XP level 2. HP: 8/26 MP: 2/2
  1367 | D:2      | Found a deep blue altar of Sif Muna.
  1387 | D:2      | Reached XP level 3. HP: 31/31 MP: 3/3
  1662 | D:2      | Noticed Terence
  1677 | D:2      | Killed Terence
  1677 | D:2      | Reached XP level 4. HP: 36/40 MP: 4/4
  1802 | D:2      | Reached skill level 4 in Fighting
  1892 | D:2      | Found a radiant altar of Vehumet.
  1927 | D:2      | Found a glowing golden altar of the Shining One.
  2160 | D:3      | Found a sparkling altar of Nemelex Xobeh.
  2200 | D:3      | Found a faded altar of an unknown god.
  2392 | D:3      | Noticed Natasha
  2403 | D:3      | Killed Natasha
  2403 | D:3      | Reached skill level 3 in Maces & Flails
  2490 | D:3      | Reached XP level 5. HP: 46/46 MP: 5/5
  2495 | D:3      | Noticed Natasha
  2504 | D:3      | Killed Natasha
  2513 | D:3      | Noticed Natasha
  2523 | D:3      | Killed Natasha
  2523 | D:3      | Reached skill level 3 in Shields
  2857 | D:3      | Noticed Robin
  3061 | D:3      | Killed Robin
  3148 | D:4      | Noticed Pikel
  3148 | D:4      | Noticed a slave
  3148 | D:4      | Noticed a slave
  3148 | D:4      | Noticed a slave
  3148 | D:4      | Noticed a slave
  3165 | D:4      | Killed a slave
  3172 | D:4      | Killed Pikel
  3172 | D:4      | Reached skill level 5 in Fighting
  3172 | D:4      | Reached skill level 4 in Maces & Flails
  3172 | D:4      | Reached XP level 6. HP: 40/56 MP: 6/6
  3172 | D:4      | Reached XP level 7. HP: 44/61 MP: 7/7
  3389 | D:4      | Reached skill level 4 in Shields
  3638 | D:4      | Noticed spawnfightdierepeat's ghost (amateur HOFi)
  3859 | D:4      | Killed spawnfightdierepeat's ghost
  3859 | D:4      | Reached skill level 6 in Fighting
  3859 | D:4      | Reached skill level 5 in Maces & Flails
  3865 | D:4      | Reached XP level 8. HP: 59/70 MP: 8/8
  4358 | D:5      | Entered Level 5 of the Dungeon
  4436 | D:5      | Got a transparent leather armour
  4447 | D:5      | Identified the +6 leather armour of Modaiggan {rElec MP+9 Str-5 Int+5} (You found it on level 5 of the Dungeon)
  4712 | D:5      | Found a bloodstained altar of Trog.
  5229 | D:5      | Noticed Edmund
  5297 | D:5      | HP: 21/71 [Edmund/dire flail of protection (1)]
  5300 | D:5      | Gained mutation: You are frail. (-10% HP) [potion of mutation]
  5300 | D:5      | Gained mutation: You are partially covered in slimy green scales. (AC +2) [potion of mutation]
  5300 | D:5      | Gained mutation: Your spells are a little easier to cast, but a little less powerful. [potion of mutation]
  5341 | D:5      | Your ally died
  5341 | D:5      | Reached skill level 7 in Fighting
  5341 | D:5      | Reached skill level 5 in Shields
  5697 | D:6      | Reached skill level 6 in Maces & Flails
  5959 | D:6      | Found a staircase to the Ecumenical Temple.
  5981 | Temple   | Entered the Ecumenical Temple
  6216 | Temple   | Became a worshipper of Kikubaaqudgha
  6683 | D:7      | Noticed Joseph
  6792 | D:7      | Killed Joseph
  6792 | D:7      | Reached XP level 9. HP: 35/72 MP: 9/9
  7265 | D:7      | HP: 8/72 [orc warrior/halberd (21)]
  7266 | D:7      | Slain by an orc warrior

Vault maps used:
D:1:      lightli_arrival_boilingwater
D:2:      lemuel_blue_sif_altar, fiery_altar_vehumet, first_bread, tso_altar,
          uniq_terence
D:3:      ecumenical_altar_2, nemelex_xobeh_ov_fountains_minmay, uniq_natasha,
          uniq_robin
D:4:      uniq_pikel
D:5:      minmay_misc_feat_encased, hangedman_abyss_or_decor_stabs,
          minmay_splitting_lines, trog_three_pillars_becter, uniq_edmund
D:7:      minmay_klotski, serial_shops, shop, kennysheep_mini, serial_glass,
          glass_columns_b, glass_columns_a, uniq_duvessa, uniq_joseph
Temple:   eino_narrow_crystal_temple

Skill      XL: |  1  2  3  4  5  6  7  8 |
---------------+-------------------------+-----
Maces & Flails | 2 3 4 5 6 |  6.7
Fighting       | 4 5 6 7 |  7.8
Shields        | 3 4 5 |  5.6
Armour         | |  2.1

Action                   |  1- 3 |  4- 6 |  7- 9 || total
-------------------------+-------+-------+-------++-------
Melee: Flail             |    62 |       |       ||    62
       Kick              |    13 |    20 |    98 ||   131
       Dagger            |   107 |   151 |    43 ||   301
       Whip              |       |       |   412 ||   412
Evoke: Wand              |       |       |     6 ||     6
  Use: Scroll            |     1 |     6 |     3 ||    10
       Potion            |       |       |     7 ||     7
  Eat: Chunk             |     2 |     4 |     7 ||    13
       Bread ration      |       |       |     2 ||     2
       Fruit             |       |       |     1 ||     1
Armor: Scale mail        |    97 |    56 |    11 ||   164
       Chain mail        |       |       |     8 ||     8
       Leather armour    |       |       |   171 ||   171
Dodge: Dodged            |    41 |    24 |    97 ||   162
Block: Shield            |    86 |    61 |   168 ||   315

Table legend:
 A = Turns spent in this place as a percentage of turns spent in the entire game.
 B = Non-inter-level travel turns spent in this place as a percentage of non-inter-level travel turns spent in the entire game.
 C = Inter-level travel turns spent in this place as a percentage of turns spent in this place.
 D = Turns resting spent in this place as a percentage of non-inter-level travel turns spent in this place.
 E = Turns spent auto-exploring this place as a percentage of non-inter-level travel turns spent in this place.
 F = Non-inter-level travel turns spent in this place divided by the number of levels of this place that you've seen.
                   A       B       C       D       E      F
               +-------+-------+-------+-------+-------+----------------------
         Total | 100.0 | 100.0 |   0.5 |   2.3 |   9.2 | 328.6
       Dungeon |  99.1 |  99.2 |   0.4 |   2.3 |   8.9 | 372.6
        Temple |   0.9 |   0.8 |   8.7 |   0.0 |  52.4 |  21.0
               +-------+-------+-------+-------+-------+----------------------

Vault maps used:
D:1:      lightli_arrival_boilingwater
D:2:      lemuel_blue_sif_altar, fiery_altar_vehumet, first_bread, tso_altar,
          uniq_terence
D:3:      ecumenical_altar_2, nemelex_xobeh_ov_fountains_minmay, uniq_natasha,
          uniq_robin
D:4:      uniq_pikel
D:5:      minmay_misc_feat_encased, hangedman_abyss_or_decor_stabs,
          minmay_splitting_lines, trog_three_pillars_becter, uniq_edmund
D:7:      minmay_klotski, serial_shops, shop, kennysheep_mini, serial_glass,
          glass_columns_b, glass_columns_a, uniq_duvessa, uniq_joseph
Temple:   eino_narrow_crystal_temple
